 Dungeon Crawl Stone Soup version 0.25-a0-578-gc91f01c39c (webtiles) character file.

Game seed: 1867247088130145939, levelgen mode: deterministic

5476 Flugslaktarn the Cleaver (level 10, -2/92 HPs)
             Began as a Deep Dwarf Fighter on Mar 3, 2020.
             Was a Follower of Makhleb.
             Killed from afar by a wolf (42 damage)
             ... with an exploding inner flame
             ... hexed by the player character
             ... on level 1 of the Lair of Beasts.
             The game lasted 00:03:36 (4212 turns).

Flugslaktarn the Cleaver (Deep Dwarf Fighter)       Turns: 4212, Time: 00:03:37

Health: -2/92      AC: 13    Str: 23    XL:     10   Next: 42%
Magic:  3/3        EV:  5    Int:  9    God:    Makhleb [*.....]
Gold:   358        SH: 11    Dex: 12    Spells: 9/9 levels left

rFire    . . .     SeeInvis .   a - +0 war axe
rCold    . . .     Gourm    .   c - +0 kite shield
rNeg     . . .     Faith    .   q - +0 plate armour
rPois    .         Spirit   .   (no helmet)
rElec    .         Reflect  .   (no cloak)
rCorr    .         Harm     +   (no gloves)
MR       +....                  (no boots)
Stlth    ..........             i - amulet of harm
HPRegen  0.00/turn              (no ring)
MPRegen  0.08/turn              (no ring)

@: lethally poisoned (-2 -> -2), very slightly contaminated, non-regenerating
A: damage resistance, heal wounds, sense surroundings 2, no regeneration
a: Heal Wounds, Renounce Religion


You were on level 1 of the Lair of Beasts.
You worshipped Makhleb.
Makhleb was aware of your devotion.
You were hungry.

You visited 3 branches of the dungeon, and saw 10 of its levels.

You collected 358 gold pieces.

Inventory:

Hand Weapons
 a - a +0 war axe (weapon)
Armour
 c - a +0 kite shield (worn)
 q - a +0 plate armour (worn)
   (You took it off an orc warrior on level 7 of the Dungeon)
Jewellery
 f - an uncursed ring of protection from fire
   (You took it off an orc on level 8 of the Dungeon)
 i - an amulet of harm (around neck)
   (You found it on level 2 of the Dungeon)
 s - an uncursed amulet of the gourmand {unknown}
   (You found it on level 8 of the Dungeon)
Scrolls
 g - a scroll of enchant weapon {unknown}
 p - a scroll of immolation
 r - a scroll of identify
 t - a scroll of teleportation
 x - 2 scrolls of remove curse
Potions
 b - 2 potions of stabbing {unknown}
 d - a potion of might
 h - 2 potions of haste
 j - 2 potions of mutation {unknown}
 k - 4 potions of lignification
 l - 2 potions of heal wounds {unknown}
 m - a potion of invisibility {unknown}
 n - 2 potions of resistance
 o - 2 potions of brilliance
Comestibles
 e - 13 rations
 u - 5 chunks of flesh


   Skills:
 + Level 6.7 Fighting
 * Level 10.7 Axes
 + Level 8.1 Armour
 + Level 8.0 Shields
 + Level 5.0 Invocations


You had 9 spell levels left.
You didn't know any spells.
Your spell library was empty.

Dungeon Overview and Level Annotations

Branches:
Dungeon (8/15)             Temple (1/1) D:7            Lair (1/6) D:8

Altars:
Ashenzari
Cheibriados
Dithmenos
Fedhas
Hepliaklqana
Kikubaaqudgha
Makhleb
Nemelex Xobeh
Okawaru
Qazlal
Ru
Sif Muna
Trog
Uskayaw
Vehumet
Wu Jian
Xom
Yredelemnul
Zin

Shops:
D:4 =


Innate Abilities, Weirdness & Mutations

You are resistant to damage.
You can heal yourself by infusing magical energy.
You passively map the area around you.
You do not regenerate.


Message History

The wolf bites you.
* * * LOW HITPOINT WARNING * * *
The spiny frog stings you.
You are poisoned.
The spiny frog poisons you!
A wolf comes into view.
The wolf bites you.
* * * LOW HITPOINT WARNING * * *
The wolf bites you but does no damage.
You feel much better. The wolf bites you but does no damage.
You block the wolf's attack. The wolf bites you.
The blink frog blinks! x2; The wolf bites you but does no damage.
The wolf bites you but does no damage.
You slice the wolf!!
The wolf explodes!
The fiery explosion engulfs the spiny frog!!
Flame seeps out of the spiny frog.
The spiny frog is severely wounded.
The fiery explosion engulfs you!!!
You die...

#..... , , * ##....,... ,
#P...# #.. ,, #...##..#* ,
,,, ,* ###..÷.##.# #. , ,
#.......#.# *,.. , , ,
#...#..#..# ,.. , . **###
##.##.<##.# ,.# *.# ,, , *
,...###.##..##@#
##.##..##...,* *
>.#.....#..##§###..........$
,
.............Fhh##Y..........
...##.........h.lD.Y.........
.. #..........FYYr.......^..,
...
##.....##................,
.... #...#...⌠.+.............
,
#...#..##......##..F........
, ,
#......#....#####...†.......,


You could see a komodo dragon (inner flame), 2 yaks, 2 spiny frogs, a blink frog
and 3 wolves.

Vanquished Creatures
  A komodo dragon (D:8)
  Grinder (D:4)
  Prince Ribbit (Lair:1)
  3 blink frogs (Lair:1)
  A hippogriff (D:8)
  5 yaks
  Eustachio (D:5)
  2 hogs (D:8)
  A human (D:8)
  A water moccasin (D:7)
  A black bear (D:6)
  2 ice beasts (D:5)
  3 orc warriors
  An ogre (D:8)
  4 phantoms
  2 centaurs (D:7)
  A wolf (Lair:1)
  A big kobold (D:6)
  3 bullfrogs
  A scorpion (D:8)
  5 wights (D:8)
  A howler monkey (D:6)
  6 crimson imps
  A bullfrog zombie (D:7)
  A hound (D:8)
  2 jellies
  4 orc priests
  A centaur skeleton (D:8)
  3 iguanas
  3 worker ants
  6 orc wizards
  2 hound skeletons (D:7)
  3 gnolls (D:8)
  5 adders
  3 shadow imps
  An ooze (D:4)
  3 leopard geckos
  20 orcs
  3 ball pythons
  2 giant cockroaches
  6 quokkas
  8 kobolds
  A leopard gecko skeleton (D:4)
  A quokka skeleton (D:6)
  2 rats (D:2)
129 creatures vanquished.

Vanquished Creatures (others)
  A plant (D:8)
1 creature vanquished.

Grand Total: 130 creatures vanquished

Notes
Turn   | Place    | Note
-------+----------+-------------------------------------------
     0 | D:1      | Flugslaktarn the Deep Dwarf Fighter began the quest for the
                  | Orb.
     0 | D:1      | Reached XP level 1. HP: 20/20 MP: 1/1
   183 | D:2      | Reached XP level 2. HP: 24/27 MP: 2/2
   259 | D:4      | Found Ciac's Jewellery Shop.
   294 | D:4      | Reached skill level 3 in Axes
   294 | D:4      | Reached XP level 3. HP: 21/34 MP: 3/3
   316 | D:4      | Reached XP level 4. HP: 24/42 MP: 4/4
   375 | D:4      | Found a shattered altar of Ashenzari.
   441 | D:4      | Noticed Grinder
   466 | D:4      | Paralysed by Grinder for 3 turns
   475 | D:4      | Killed Grinder
   475 | D:4      | Reached skill level 4 in Axes
   475 | D:4      | Reached XP level 5. HP: 37/49 MP: 5/5
   475 | D:4      | Reached XP level 6. HP: 43/56 MP: 6/6
   593 | D:4      | Reached skill level 5 in Axes
   716 | D:5      | Entered Level 5 of the Dungeon
   828 | D:5      | Reached XP level 7. HP: 55/64 MP: 6/6
   879 | D:5      | Noticed Eustachio
   904 | D:5      | Reached skill level 5 in Armour
   904 | D:5      | Reached skill level 5 in Shields
   907 | D:5      | Killed Eustachio
   907 | D:5      | Reached skill level 6 in Axes
  1253 | D:5      | Found a shimmering blue altar of Sif Muna.
  1579 | D:6      | Reached XP level 8. HP: 70/73 MP: 6/6
  1680 | D:6      | Reached skill level 7 in Axes
  1925 | D:6      | Reached skill level 5 in Fighting
  2362 | D:7      | Reached skill level 8 in Axes
  2465 | D:7      | Gained mutation: You passively map the area around you.
                  | [Deep Dwarf growth]
  2465 | D:7      | Reached XP level 9. HP: 40/81 MP: 5/5
  2661 | D:7      | Found a staircase to the Ecumenical Temple.
  2843 | Temple   | Entered the Ecumenical Temple
  3060 | Temple   | Became a worshipper of Makhleb the Destroyer
  3302 | D:8      | Reached skill level 9 in Axes
  3347 | D:8      | Reached skill level 1 in Invocations
  3513 | D:8      | Noticed a komodo dragon
  3528 | D:8      | Killed a komodo dragon
  3528 | D:8      | Reached skill level 10 in Axes
  3534 | D:8      | Reached * piety under Makhleb
  3534 | D:8      | Reached XP level 10. HP: 39/92 MP: 6/6
  3797 | D:8      | Found a hide-covered altar of Uskayaw.
  3957 | D:8      | Found a staircase to the Lair.
  4046 | D:8      | Found a shadowy altar of Dithmenos.
  4116 | Lair:1   | Entered Level 1 of the Lair of Beasts
  4120 | Lair:1   | Noticed Prince Ribbit
  4189 | Lair:1   | Noticed a six-headed hydra
  4191 | Lair:1   | Noticed a spiny frog
  4200 | Lair:1   | Noticed a spiny frog
  4202 | Lair:1   | Killed Prince Ribbit
  4202 | Lair:1   | Reached skill level 5 in Invocations
  4212 | Lair:1   | Killed from afar by a wolf

Levels and vault maps discovered:
D:1:      eino_arrival_cavern_c, layout_loops_ring, grunt_decor_arrowhead
D:2:      layout_basic, minmay_worlds_worst_comb
D:3:      layout_rooms, lemuel_doored_altar, grunt_temple_overflow_open,
          ashenzari_conservatory_becter, chequers_serial_rivers_micro_b
D:4:      layout_rooms, first_ration, serial_shops, shop, ashenzari_altar_1,
          uniq_grinder
D:5:      layout_basic, nicolae_overflow_crystal_walls, lemuel_another_geyser,
          uniq_eustachio
D:6:      minmay_spotlight, layout_basic, kennysheep_boxes
D:7:      layout_basic, minmay_temple_entry_glassed_door,
          chequers_serial_rivers_micro_a
D:8:      layout_basic, lemuel_coloured_pillars_altar, kennysheep_mini,
          david_lair_shrubbed, grunt_livestock, minmay_misc_feat_cross
Temple:   regret_index_temple_generic_petals
Lair:1:   layout_gridlike, beast_lair_carwin_10, grunt_megastairs_4,
          uniq_prince_ribbit2

Skill      XL: |  1  2  3  4  5  6  7  8  9 10 |
---------------+-------------------------------+-----
Fighting       | 3 4 5 6 |  6.7
Axes           | 3 4 5 6 8 10 | 10.7
Armour         | 4 5 6 7 8 |  8.1
Shields        | 4 5 6 7 8 |  8.0
Invocations    | 3 5 |  5.0

Action                   |  1- 3 |  4- 6 |  7- 9 | 10-12 || total
-------------------------+-------+-------+-------+-------++-------
Melee: War axe           |    33 |    69 |   323 |    82 ||   507
 Abil: Heal Wounds       |       |     6 |    23 |     8 ||    37
  Use: Scroll            |       |       |    11 |     2 ||    13
       Potion            |       |       |     1 |       ||     1
  Eat: Chunk             |       |       |     9 |     2 ||    11
Armor: Scale mail        |    17 |    36 |    78 |       ||   131
       Plate armour      |       |       |    33 |    56 ||    89
       Chain mail        |       |       |    11 |       ||    11
Dodge: Dodged            |     7 |    22 |    91 |    29 ||   149
Block: Kite shield       |    19 |    26 |   208 |    86 ||   339

Table legend:
 A = Non-vault XP
 B = Vault XP
 C = Vault XP percentage of total XP
 D = Non-vault monster count
 E = Vault monster count
 F = Vault count percentage of total count
                 A         B        C        D         E       F
            +---------+---------+-------+---------+---------+-------
      Total |    4140 |    3684 |  47.1 |     111 |      18 |  14.0
            +---------+---------+-------+---------+---------+-------
        D:1 |       3 |       0 |   0.0 |       2 |       0 |   0.0
        D:2 |      18 |       0 |   0.0 |       5 |       0 |   0.0
        D:4 |     212 |     286 |  57.4 |       8 |       1 |  11.1
        D:5 |     630 |     203 |  24.4 |      16 |       1 |   5.9
        D:6 |     587 |      53 |   8.3 |      22 |       2 |   8.3
        D:7 |    1375 |       0 |   0.0 |      31 |       0 |   0.0
        D:8 |    1315 |    1377 |  51.2 |      27 |       6 |  18.2
     Lair:1 |       0 |    1765 | 100.0 |       0 |       8 | 100.0
            +---------+---------+-------+---------+---------+-------
